 Dungeon Crawl Stone Soup version 0.29.1-15-g9cfb28693d (webtiles) character file.

Game seed: 17046316452933387064

557 Sanktem7 the Trooper (level 7, -7/64 HPs)
             Began as a Minotaur Fighter on Mar 4, 2023.
             Was a Follower of Okawaru.
             Mangled by an orc warrior
             ... wielding a +3 halberd
              (12 damage)
             ... on level 6 of the Dungeon.
             The game lasted 00:08:54 (4491 turns).

Sanktem7 the Trooper (Minotaur Fighter)             Turns: 4491, Time: 00:08:54

Health: -7/64      AC:  8    Str: 23    XL:     7   Next: 9%
Magic:  6/6        EV:  9    Int:  5    God:    Okawaru [*.....]
Gold:   241        SH:  4    Dex:  9    Spells: 6/6 levels left

rFire   . . .      SeeInvis .   a - +2 war axe {axe}
rCold   . . .      Faith    .   c - +0 buckler
rNeg    . . .      Spirit   .   b - +0 scale mail
rPois   .          Reflect  .   (helmet restricted)
rElec   .          Harm     .   (no cloak)
rCorr   .          Rampage  .   (no gloves)
Will    .....      Rnd*Tele +   s - +0 pair of boots
Stlth   ..........              (no amulet)
HPRegen 0.20/turn               (no ring)
MPRegen 0.10/turn               (no ring)

@: studying Ranged Weapons
A: horns 2, retaliatory headbutt, hooves 1, mutation resistance 1, teleportitis
1
a: Renounce Religion, Heroism


You were on level 6 of the Dungeon.
You worshipped Okawaru.
Okawaru was aware of your devotion.
You visited 2 branches of the dungeon, and saw 7 of its levels.

You collected 241 gold pieces.


Innate Abilities, Weirdness & Mutations

You have a pair of horns on your head.
You reflexively headbutt those who attack you in melee.
You have large cloven feet.
You are somewhat resistant to further mutation.
You are occasionally teleported next to monsters.


   Skills:
 * Level 6.8 Fighting
 * Level 6.2 Axes
 + Level 5.3 Armour
 - Level 3.6 Shields


You had 6 spell levels left.
You didn't know any spells.
Your spell library contained the following spells:

 Spells                   Type           Power      Damage    Failure   Level
 Magic Dart               Conj           0%         1d3       86%         1
 Ensorcelled Hibernation  Hex/Ice        0%         N/A       94%         2
 Passwall                 Tmut/Erth      0%         N/A       94%         2
 Searing Ray              Conj           0%         2d4       94%         2
 Lesser Beckoning         Tloc           0%         N/A       99%         3
 Swiftness                Air            0%         N/A       99%         3
 Cause Fear               Hex            0%         N/A       100%        4
 Fulminant Prism          Conj/Hex       0%         3d6       100%        4
 Passage of Golubria      Tloc           0%         N/A       100%        4
 Silence                  Hex/Air        0%         N/A       100%        5
 Lehudib's Crystal Spear  Conj/Erth      0%         10d2      100%        8

Inventory:

Hand Weapons
 a - a +2 war axe (weapon) {axe}
 w - the +1 flail "Tattletale" {speed, rC- Str+4, mace}
   (You found it on level 3 of the Dungeon)

   Attacks with this weapon are significantly faster.
   Str:       It affects your strength (+4).
   rC:        It makes you vulnerable to cold.
 C - a +2 whip of venom {mace}
   (You found it on level 4 of the Dungeon)
Missiles
 j - 3 boomerangs (quivered) {throwing}
 k - 16 stones {throwing}
 x - 14 poisoned darts {throwing}
Armour
 b - a +0 scale mail (worn)
 c - a +0 buckler (worn)
 s - a +0 pair of boots (worn)
   (You found it on level 2 of the Dungeon)
Jewellery
 B - a ring of ice
   (You found it on level 4 of the Dungeon)
Wands
 e - a wand of digging (1)
   (You found it on level 5 of the Dungeon)
 D - a wand of paralysis (8)
   (You found it on level 4 of the Dungeon)
Scrolls
 l - 4 scrolls of poison {!r}
 o - 4 scrolls of immolation {!r!r}
 p - 2 scrolls of teleportation {@r4}
 u - a scroll of blinking {!r}
Potions
 d - 2 potions of might
 f - 3 potions of curing {@q1}
 h - a potion of degeneration {!q@e2}
 i - a potion of resistance
 q - a potion of heal wounds {@q2}
 r - 2 potions of lignification {!q}
 A - a potion of brilliance {unknown}
 G - a potion of magic {unknown}
 H - a potion of haste {unknown}
 I - a potion of mutation {!q}
 J - a potion of cancellation {unknown}

Dungeon Overview and Level Annotations

Branches:
Dungeon (6/15) Zot: 26775  Temple (1/1) D:4 Zot: 5981

Altars:
Dithmenos
Elyvilon
Gozag
Makhleb
Nemelex Xobeh
Okawaru
Sif Muna
Uskayaw
Xom
Zin

#
##.##.#####.#
#.#........#
##.##......##
#...########
#.⌠.# #...#
#.##.###
#...)).#
#.....@#
#.....oo.....#
#............#
###+###......#
......#
......#
......#
#######


You could see an orc warrior and an orc.


Message History

You barely miss the wraith. You headbutt the wraith. The wraith hits you!
The wraith drains your vigour!
You feel as though you will be slow longer.
You block the wraith's attack. 😮 HP[-8]
You take 8 damage, and now have 42/57 hp.
You hit the wraith.
You destroy the wraith!
Okawaru is honoured by your kill.
Your Axes skill increases to level 6!
You have reached level 7! 😮 HP[+5] MP[+1]
You now have 64 max hp (+7).
You regained 5 hp, and now have 47/64 hp.
Your mp is fully restored (6).
You feel yourself speed up.
You feel strangely unstable.
You are yanked towards a nearby monster!
Your surroundings suddenly seem different.
A jelly comes into view.
The jelly quivers. 😕 HP[+5]
You regained 5 hp, and now have 52/64 hp.
You slash the jelly!
Your hands burn!
The jelly hits you but does no damage. 😕 HP[-2]
You take 2 damage, and now have 50/64 hp.
You hit the jelly.
You kill the jelly!
Okawaru accepts your kill.
No target in view!
No target in view!
No target in view!
No target in view!
No target in view!
No target in view!
No target in view!
No target in view!
No target in view!
No target in view!
No target in view!
No target in view!
No target in view!
No target in view!
No target in view!
No target in view!
No target in view!
No target in view!
Found a white marble altar of Elyvilon. 😎 HP[+14]
Your hp is fully restored (64).
There is a fountain of clear blue water here.
There is a fountain of clear blue water here.
There is a fountain of clear blue water here.
An orc comes into view. It is wielding a +0 dagger.
There is a fountain of clear blue water here.
An orc comes into view. It is wielding a +0 whip.
An orc warrior and 2 orcs come into view.
The orc shouts! x2
You closely miss the orc. You headbutt the orc!
You kill the orc!
Okawaru accepts your kill.
You closely miss the orc. The orc closely misses you. You furiously retaliate!
You headbutt the orc!
You kill the orc!
Okawaru accepts your kill.
The orc warrior hits you from afar with a +3 halberd!!
The orc hits you but does no damage.
Things that are here:
a +0 whip {mace}; an orc corpse; 😮 HP[-21]
You take 21 damage, and now have 43/64 hp.
MASSIVE DAMAGE!! (PAUSE)
You closely miss the orc. Your headbutt misses the orc.
The orc warrior hits you from afar with a +3 halberd!
* * * LOW HITPOINT WARNING * * *
You block the orc's attack. 😨 HP[-14]
You take 14 damage, and now have 29/64 hp.
MASSIVE DAMAGE!! (PAUSE)
You barely miss the orc.
The orc warrior hits you from afar with a +3 halberd!
* * * LOW HITPOINT WARNING * * *
The orc barely misses you. You furiously retaliate!
You headbutt the orc!
You kill the orc!
Okawaru accepts your kill. 😨 HP[-8]
You take 8 damage, and now have 21/64 hp.
The orc warrior hits you with a +3 halberd!
* * * LOW HITPOINT WARNING * * *
The orc closely misses you.
Things that are here:
a +0 morningstar {mace}; a +0 leather armour 😱 HP[-15]
You take 15 damage, and now have 6/64 hp.
MASSIVE DAMAGE!! (PAUSE)
You barely miss the orc. You headbutt the orc! You barely miss the orc warrior.
The orc warrior completely misses you. The orc closely misses you.
The orc hits you with a +0 club.
* * * LOW HITPOINT WARNING * * *
The orc warrior hits you with a +3 halberd!
You die...

Skill      XL: |  1  2  3  4  5  6 |
---------------+-------------------+-----
Fighting       | 4 5 6 |  6.8
Axes           | 3 4 5 6 |  6.2
Armour         | 4 5 |  5.3
Shields        | |  3.6

Action                   |  1- 3 |  4- 6 |  7- 9 || total
-------------------------+-------+-------+-------++-------
Melee: War axe           |    65 |    75 |     7 ||   147
       Headbutt          |     8 |     9 |     2 ||    19
  Use: Scroll            |       |    17 |       ||    17
       Potion            |       |     2 |       ||     2
Armor: Scale mail        |    29 |    38 |     2 ||    69
Dodge: Dodged            |    26 |    33 |     5 ||    64
Block: Buckler           |    16 |    12 |     1 ||    29

Levels and vault maps discovered:
D:1:      dpeg_arrival_rhombus, layout_loops_ring
D:2:      layout_rooms, hellmonk_ecumenical_altar_blasted
D:3:      layout_basic, minmay_randomly_rotated_circles
D:4:      layout_gridville, minmay_temple_entry_slanted,
          hangedman_abyss_or_decor_stabs, nicolae_hexahallways,
          dk_rats_in_the_wall
D:5:      layout_rooms, pdpol_temple_overflow_zin_treasury_gozag_greed,
          uniq_crazy_yiuf_cottage
D:6:      layout_gridville, elyvilon_altar_1
Temple:   hellmonk_temple_of_storms

Notes
Turn   | Place    | Note
-------+----------+-------------------------------------------
     0 | D:1      | Sanktem7 the Minotaur Fighter began the quest for the Orb.
     0 | D:1      | Reached XP level 1. HP: 19/19 MP: 0/0
     0 | D:1      | magus.rc [v1.9.6]
   366 | D:1      | Reached XP level 2. HP: 27/27 MP: 1/1
   386 | D:1      | Reached skill level 4 in Fighting
   486 | D:1      | You fall into a shaft and drop 1 floor!
   579 | D:2      | You pick up a book of Conjurations {@e2} and begin
                  | reading...
   579 | D:2      | You add the spells Magic Dart, Searing Ray and Fulminant
                  | Prism to your library.
   736 | D:1      | Reached skill level 3 in Axes
   858 | D:2      | Reached skill level 4 in Armour
   858 | D:2      | Reached XP level 3. HP: 15/34 MP: 2/2
  1348 | D:2      | Found a faded altar of an unknown god.
  1581 | D:3      | Reached XP level 4. HP: 41/41 MP: 3/3
  1798 | D:3      | You pick up a book of Conjurations {@e2} and begin
                  | reading...
  1927 | D:3      | Identified the +1 flail "Tattletale" {speed, rC- Str+4}
  2260 | D:3      | Reached skill level 4 in Axes
  2580 | D:3      | You pick up a book of Burglary and begin reading...
  2580 | D:3      | You add the spells Passwall, Ensorcelled Hibernation and
                  | Swiftness to your library.
  3215 | D:4      | Found a staircase to the Ecumenical Temple.
  3229 | D:4      | Noticed a necrophage
  3234 | Temple   | Entered the Ecumenical Temple
  3247 | Temple   | Became a worshipper of Warmaster Okawaru
  3256 | D:4      | Killed a necrophage
  3257 | D:4      | Reached skill level 5 in Fighting
  3257 | D:4      | Reached XP level 5. HP: 39/48 MP: 4/4
  3369 | D:4      | Gained mutation: You are robust. (+10% HP) [potion of
                  | mutation]
  3369 | D:4      | Gained mutation: You are occasionally teleported next to
                  | monsters. [potion of mutation]
  3369 | D:4      | Gained mutation: You are covered in fur. (AC +1) [potion of
                  | mutation]
  3391 | D:4      | Lost mutation: You are robust. (+10% HP) [potion of
                  | mutation]
  3391 | D:4      | Lost mutation: You are covered in fur. (AC +1) [potion of
                  | mutation]
  3391 | D:4      | Gained mutation: You are somewhat resistant to further
                  | mutation. [potion of mutation]
  3391 | D:4      | Gained mutation: You have large cloven feet. [potion of
                  | mutation]
  3509 | D:5      | Entered Level 5 of the Dungeon
  3510 | D:5      | Noticed a black bear
  3515 | D:5      | Killed a black bear
  3516 | D:5      | Reached skill level 5 in Axes
  3540 | D:5      | Noticed a phantom
  3559 | D:5      | Killed a phantom
  3559 | D:5      | Reached * piety under Okawaru
  3560 | D:5      | Reached skill level 6 in Fighting
  3560 | D:5      | Reached XP level 6. HP: 34/57 MP: 5/5
  3741 | D:5      | Reached skill level 5 in Armour
  3849 | D:5      | Found a glowing silver altar of Zin.
  3877 | D:5      | You add the spells Lesser Beckoning, Cause Fear and Silence
                  | to your library.
  3877 | D:5      | Got Giabeaf's Anthology of the Cursed Tesseract
  4039 | D:5      | You pick up a book of the Moon and begin reading...
  4039 | D:5      | You add the spells Passage of Golubria and Lehudib's
                  | Crystal Spear to your library.
  4112 | D:5      | Found an opulent altar of Gozag.
  4327 | D:6      | Noticed a wraith
  4336 | D:6      | Killed a wraith
  4337 | D:6      | Reached skill level 6 in Axes
  4337 | D:6      | Reached XP level 7. HP: 47/64 MP: 6/6
  4448 | D:6      | Found a white marble altar of Elyvilon.
  4490 | D:6      | HP: 6/64 [orc warrior/+3 halberd (16)]
  4491 | D:6      | Mangled by an orc warrior

Vanquished Creatures
  A wraith (D:6)
  A black bear (D:5)
  A phantom (D:5)
  A necrophage (D:4)
  A jelly (D:6)
  A hound (D:5)
  4 adders
  A white imp (D:5)
  An ufetubus (D:4)
  2 worms
  2 dart slugs
  5 orcs
  8 ball pythons
  6 endoplasms
  4 giant cockroaches
  4 goblins
  4 hobgoblins
  2 jackals (D:2)
  3 kobolds
  3 quokkas
  6 bats
  3 frilled lizards
  2 rats
66 creatures vanquished.

Table legend:
 A = Non-vault XP
 B = Vault XP
 C = Vault XP percentage of total XP
 D = Non-vault monster count
 E = Vault monster count
 F = Vault count percentage of total count
                 A         B        C        D         E       F
            +---------+---------+-------+---------+---------+-------
      Total |     786 |      11 |   1.4 |      60 |       6 |   9.1
            +---------+---------+-------+---------+---------+-------
        D:1 |      19 |       0 |   0.0 |      12 |       0 |   0.0
        D:2 |      70 |       0 |   0.0 |      20 |       0 |   0.0
        D:3 |      20 |      11 |  35.5 |      10 |       6 |  37.5
        D:4 |     105 |       0 |   0.0 |       6 |       0 |   0.0
        D:5 |     298 |       0 |   0.0 |       6 |       0 |   0.0
        D:6 |     274 |       0 |   0.0 |       6 |       0 |   0.0
            +---------+---------+-------+---------+---------+-------

Illustrated notes

Table legend:
 A = Kills in this place as a percentage of kills in entire the game.
 B = Kills by you in this place as a percentage of kills by you in the entire game.
 C = Kills by friends in this place as a percentage of kills by friends in the entire game.
 D = Other kills in this place as a percentage of other kills in the entire game.
 E = Experience gained in this place as a percentage of experience gained in the entire game.
 F = Experience gained in this place divided by the number of levels of this place that you have seen.
                   A       B       C       D       E      F
               +-------+-------+-------+-------+-------+----------------------
         Total | 100.0 | 100.0 |   N/A |   N/A | 100.0 | 113.9
       Dungeon | 100.0 | 100.0 |   N/A |   N/A | 100.0 | 132.8
               +-------+-------+-------+-------+-------+----------------------

Table legend: (Time is in decaauts)
 A = Elapsed time spent in this place.
 B = Non-inter-level travel time spent in this place.
 C = Inter-level travel time spent in this place.
 D = Time resting spent in this place.
 E = Time spent auto-exploring this place.
 F = Levels seen in this place.
 G = Mean time per level.
                   A        B        C        D        E       F      G
               +--------+--------+--------+--------+--------+-----+--------+
         Total |   4551 |   4367 |    184 |     26 |   3795 |   7 |  650.1 |
       Dungeon |   4532 |   4348 |    184 |     26 |   3793 |   6 |  755.3 |
        Temple |     18 |     18 |      0 |      0 |      2 |   1 |   18.0 |
               +--------+--------+--------+--------+--------+-----+--------+

Top non-repeatable levels by time:
     D:3: 1197 daAuts
     D:2: 817 daAuts
     D:5: 778 daAuts
     D:4: 762 daAuts
     D:1: 753 daAuts
     D:6: 223 daAuts
  Temple: 18 daAuts
